 Dungeon Crawl Stone Soup version 0.26.1-11-gd32895ea62 (webtiles) character file.

Game seed: 4319809566470833849

652704 Electrofox the Invulnerable (level 27, -17/273 HPs)
             Began as a Minotaur Fighter on Apr 8, 2021.
             Was the Champion of Okawaru.
             Killed from afar by a Killer Klown (34 damage)
             ... with a klown pie
             ... on level 5 of the Realm of Zot on Apr 19, 2021.
             The game lasted 09:35:27 (91943 turns).

Electrofox the Invulnerable (Minotaur Fighter)     Turns: 91943, Time: 09:35:28

Health: -17/273    AC: 39    Str: 29 (30) XL:     27
Magic:  38/38      EV:  8    Int:  9 (10) God:    Okawaru [******]
Gold:   7866       SH:  0    Dex: 20 (22) Spells: 26/26 levels left

rFire    + + .     SeeInvis +   a - +6 demon whip "Loreiru" {freeze, +Rage MP+9 Stlth+}
rCold    + + +     Faith    .   i - +5 kite shield {reflect}
rNeg     + + +     Spirit   .   O - +9 plate armour of the Hot Ocelot {-Cast rF+ rCorr Dex+5}
rPois    .         Reflect  +   H - +0 mask of the Dragon {Will+ Slay+3 SInv}
rElec    +         Harm     .   y - scarf {rC+ rF+}
rCorr    +         Rampage  .   c - +2 pair of gloves {Str+3}
Will     ++++.     NoCast   +   C - +0 pair of boots "Yparoata" {rN+ Str+2}
Stlth    ..........             S - amulet "Tifidowi" {Acrobat rElec rF+ Dex+3}
HPRegen  0.55/turn              m - ring "Jeniklyrr" {rF+ rN++}
MPRegen  0.26/turn              Z - ring "Olaf" {rC++ Will+}

@: lethally poisoned (-17 -> -45), about to teleport, silence, heroism, finesse,
fire vulnerable, vertigo, held, slowed, very slow
A: retaliatory headbutt, horns 2, icy blue scales 1, low mp 1, mutation
resistance 1, wild magic 1
}: 3/15 runes: barnacled, slimy, gossamer
a: Renounce Religion, Evoke Berserk Rage


You were on level 5 of the Realm of Zot.
You worshipped Okawaru.
Okawaru was exalted by your worship.
You visited 11 branches of the dungeon, and saw 54 of its levels.
You also visited: Sewer and Ice Cave.

You collected 8859 gold pieces.
You spent 993 gold pieces at shops.

Inventory:

Hand Weapons
 a - the +6 demon whip "Loreiru" (weapon) {freeze, +Rage MP+9 Stlth+}
   (Okawaru gifted it to you on level 4 of the Shoals)

   It has been specially enchanted to freeze those struck by it, causing extra
   injury to most foes and up to half again as much damage against particularly
   susceptible opponents.
   It can also slow down cold-blooded creatures.
   It affects your magic capacity (+9).
   It lets you go berserk.
   It makes you more stealthy.
 b - a +4 fustibalus of flaming
 q - a +1 vorpal fustibalus
 L - the +10 morningstar "Eos" {elec, Halo rElec}
   (Okawaru gifted it to you on level 3 of the Elven Halls)

   Occasionally, upon striking a foe, it can discharge electrical energy and
   cause terrible harm.
   It insulates you from electricity.
 T - a +8 eveningstar of flaming
Missiles
 B - 348 sling bullets
 G - 14 curare-tipped darts
 N - 15 silver javelins
 X - 46 javelins (quivered)
Armour
 c - a +2 pair of gloves of strength (worn)
 i - a +5 kite shield of reflection (worn)
 y - a scarf of resistance (worn)
 C - the +0 pair of boots "Yparoata" (worn) {rN+ Str+2}
   (You found it on level 2 of the Spider Nest)

   It affects your strength (+2).
   It protects you from negative energy.
 H - the +0 mask of the Dragon (worn) {Will+ Slay+3 SInv}
   (You found it on level 3 of the Realm of Zot)

   It affects your accuracy and damage with ranged weapons and melee attacks
   (+3).
   It affects your willpower, your defense against some magical effects.
   It lets you see invisible.
 O - the +9 plate armour of the Hot Ocelot (worn) {-Cast rF+ rCorr Dex+5}
   (You bought it in a shop on level 5 of the Dungeon)

   It affects your dexterity (+5).
   It protects you from fire.
   It prevents spellcasting.
   It provides partial protection from all sources of acid and corrosion.
Jewellery
 m - the ring "Jeniklyrr" (left hand) {rF+ rN++}
   (You took it off a deep elf death mage on level 3 of the Elven Halls)

   [ring of protection from fire]

   It protects you from fire.
   It greatly protects you from negative energy.
 t - an uncursed ring of poison resistance
 S - the amulet "Tifidowi" (around neck) {Acrobat rElec rF+ Dex+3}
   (You found it on level 5 of the Pits of Slime)

   [amulet of the acrobat]

   It helps you evade while moving and waiting.
   It affects your dexterity (+3).
   It protects you from fire.
   It insulates you from electricity.
 Z - the ring "Olaf" (right hand) {rC++ Will+}
   (You found it on level 4 of the Shoals)

   [ring of willpower]

   It greatly protects you from cold.
   It affects your willpower, your defense against some magical effects.
Wands
 h - a wand of flame (69)
 o - a wand of polymorph (15)
 u - a wand of disintegration (23)
 J - a wand of paralysis (27)
 K - a wand of digging (18)
 Q - a wand of enslavement (41)
 W - a wand of acid (4)
 Y - a wand of iceblast (21)
Scrolls
 e - 25 scrolls of teleportation
 f - 28 scrolls of remove curse
 g - a scroll of summoning
 k - 3 scrolls of silence
 l - 11 scrolls of fear
 n - 7 scrolls of blinking
 x - 6 scrolls of fog
 M - 2 scrolls of magic mapping
 P - a scroll of identify
 R - 3 scrolls of holy word
Potions
 d - 7 potions of might
 j - 8 potions of lignification
 r - 6 potions of heal wounds
 s - 16 potions of curing
 v - 8 potions of flight
 w - 4 potions of invisibility
 z - a potion of resistance
 A - 3 potions of cancellation
 E - 7 potions of haste
 F - 6 potions of ambrosia
 I - a potion of mutation
 U - a potion of magic
Miscellaneous
 p - a phantom mirror
 D - a tin of tremorstones (2/2)
 V - a condenser vane


   Skills:
 O Level 27 Fighting
 - Level 14.5(21.4) Axes
 - Level 13.5(21.0) Maces & Flails
 - Level 12.0(20.3) Slings
 - Level 14.7(21.0) Throwing
 O Level 27 Armour
 * Level 10.8(15.8) Dodging
 - Level 15.0(20.0) Shields
 - Level 15.0 Invocations
 + Level 18.4 Evocations


You had 26 spell levels left.
You didn't know any spells.
Your spell library contained the following spells:

 Spells                   Type           Power        Failure   Level
 Animate Skeleton         Necr           0%           90%         1
 Apportation              Tloc           0%           90%         1
 Beastly Appendage        Tmut           0%           90%         1
 Corona                   Hex            0%           90%         1
 Magic Dart               Conj           0%           90%         1
 Pain                     Necr           0%           90%         1
 Shock                    Conj/Air       0%           90%         1
 Blink                    Tloc           N/A          96%         2
 Call Imp                 Summ           0%           96%         2
 Corpse Rot               Necr/Air       N/A          96%         2
 Ensorcelled Hibernation  Hex/Ice        0%           96%         2
 Poisonous Vapours        Pois/Air       0%           96%         2
 Searing Ray              Conj           0%           96%         2
 Slow                     Hex            0%           96%         2
 Sublimation of Blood     Necr           0%           96%         2
 Swiftness                Air            0%           96%         2
 Wereblood                Tmut           0%           96%         2
 Call Canine Familiar     Summ           0%           99%         3
 Confusing Touch          Hex            0%           99%         3
 Conjure Flame            Conj/Fire      0%           99%         3
 Dazzling Flash           Conj/Hex       0%           99%         3
 Gell's Gravitas          Tloc           0%           99%         3
 Inner Flame              Hex/Fire       0%           99%         3
 Mephitic Cloud           Conj/Pois/Air  0%           99%         3
 Portal Projectile        Hex/Tloc       0%           99%         3
 Spider Form              Tmut/Pois      0%           99%         3
 Static Discharge         Conj/Air       0%           99%         3
 Stone Arrow              Conj/Erth      0%           99%         3
 Summon Guardian Golem    Hex/Summ       0%           99%         3
 Tukima's Dance           Hex            0%           99%         3
 Vampiric Draining        Necr           0%           99%         3
 Airstrike                Air            0%           100%        4
 Animate Dead             Necr           0%           100%        4
 Cause Fear               Hex            0%           100%        4
 Dispel Undead            Necr           0%           100%        4
 Fulminant Prism          Conj/Hex       0%           100%        4
 Ice Form                 Ice/Tmut       0%           100%        4
 Iskenderun's Mystic Bla  Conj/Tloc      0%           100%        4
 Leda's Liquefaction      Hex/Erth       0%           100%        4
 Passage of Golubria      Tloc           N/A          100%        4
 Summon Lightning Spire   Summ/Air       0%           100%        4
 Agony                    Necr           0%           100%        5
 Blade Hands              Tmut           0%           100%        5
 Bolt of Magma            Conj/Fire/Erth 0%           100%        5
 Excruciating Wounds      Necr           0%           100%        5
 Irradiate                Conj/Tmut      0%           100%        5
 Iskenderun's Battlesphe  Conj           0%           100%        5
 Lightning Bolt           Conj/Air       0%           100%        5
 Metabolic Englaciation   Hex/Ice        0%           100%        5
 Summon Forest            Summ/Tloc      0%           100%        5
 Dispersal                Tloc           0%           100%        6
 Eringya's Noxious Bog    Tmut/Pois      0%           100%        6
 Freezing Cloud           Conj/Ice/Air   0%           100%        6
 Hydra Form               Tmut           0%           100%        6
 Iron Shot                Conj/Erth      0%           100%        6
 Ozocubu's Refrigeration  Ice            0%           100%        6
 Simulacrum               Ice/Necr       0%           100%        6
 Statue Form              Tmut/Erth      0%           100%        6
 Dragon Form              Tmut           0%           100%        7
 Malign Gateway           Summ/Tloc      0%           100%        7
 Monstrous Menagerie      Summ           0%           100%        7
 Orb of Destruction       Conj           0%           100%        7
 Spellforged Servitor     Conj/Summ      0%           100%        7
 Summon Greater Demon     Summ           0%           100%        7
 Summon Hydra             Summ           0%           100%        7
 Chain Lightning          Conj/Air       0%           100%        8
 Disjunction              Tloc           0%           100%        8
 Ignition                 Fire           0%           100%        8
 Lehudib's Crystal Spear  Conj/Erth      0%           100%        8
 Summon Horrible Things   Summ           0%           100%        8
 Absolute Zero            Ice            0%           100%        9
 Fire Storm               Conj/Fire      0%           100%        9
 Shatter                  Erth           0%           100%        9
 Tornado                  Air            0%           100%        9


Dungeon Overview and Level Annotations

Branches:
Dungeon (15/15)            Temple (1/1) D:6            Lair (6/6) D:9
 Shoals (4/4) Lair:3       Spider (4/4) Lair:3        Slime (5/5) Lair:5
    Orc (2/2) D:10            Elf (3/3) Orc:2        Vaults (4/5) D:14
  Crypt (0/3) Vaults:2     Depths (5/5) D:15            Zot (5/5) Depths:5
  Sewer (visited)           IceCv (visited)

Altars:
Ashenzari
Cheibriados
Dithmenos
Elyvilon
Fedhas
Gozag
Hepliaklqana
Kikubaaqudgha
Makhleb
Nemelex Xobeh
Okawaru
Qazlal
Ru
Sif Muna
Trog
Uskayaw
Vehumet
Wu Jian
Xom
Yredelemnul
Zin
The Shining One
Jiyva

Shops:
D:5 [   D:12 *   D:14 ?*   Orc:1 }   Orc:2 ?*(}   Elf:1 }   Elf:2 (
Shoals:2 !   Vaults:2 (   Vaults:4 ?   Depths:1 ==}

Portals:
Hell: Depths:1 Depths:2 Depths:3 Depths:4 Depths:5
Abyss: Depths:4
Pandemonium: Depths:3 Depths:4
Ziggurat: Depths:5

Annotations:
Lair:4 2 transporters, exclusions: ice statue and 3 oklob plants, Tunlugh's ghost, adept GrEE
Vaults:2 exclusion: downstairs
Vaults:4 2 transporters


Innate Abilities, Weirdness & Mutations

You reflexively headbutt those who attack you in melee.
You have a pair of horns on your head.
You are partially covered in icy blue scales. (AC +2)
Your magical capacity is low. (-10% MP)
You are somewhat resistant to further mutation.
Your spells are a little harder to cast, but a little more powerful.


Message History

The electric golem hits you but does no damage. x4
The Killer Klown is engulfed in acidic fog.
The Killer Klown is splashed with acid!
The Killer Klown seems to be corroded for longer.
The Killer Klown closely misses you.
The orb of fire is engulfed in acidic fog.
The orb of fire is splashed with acid.
The orb of fire seems to be corroded for longer.
The Killer Klown is engulfed in acidic fog.
The Killer Klown is splashed with acid.
The Killer Klown seems to be corroded for longer.
The Killer Klown teases you with a +10 vorpal club!
* * * LOW HITPOINT WARNING * * *
x2 The Killer Klown is engulfed in acidic fog.
The Killer Klown is splashed with acid!
The Killer Klown seems to be corroded for longer.
The Killer Klown pies you viciously! The klown pie hits you!!
Cherry!
Cherry-coloured flames burn away your fire resistance!
You die...

.^.......§§§.$.
.§§§^.§§§§§§...
^§§§..§§§§§§...
.§§§§§§§§......
..§§§§§§§§.....
..§§§§§§§§^....
..X§§§p*8§§....
..§§§§q@*§☼§...
...§§§ppp§§§...
▓▓▓§§§§§§§§§...
#▓▓▓▓▓▓▓▓▓▓▓##...
###..^^..... ^.
##....##..... .
#####...### ...
.^.....## .
......##


You could see 2 orbs of fire, 4 Killer Klowns, an electric golem (corroded), a
black draconian knight (fast, icy armour, corroded) and an Orb Guardian.

Vanquished Creatures
  the Royal Jelly (Slime:5)
  2 orbs of fire
  An ancient lich (Zot:5)
  Boris (Depths:5)
  A shard shrike (Zot:1)
  Sojobo (Depths:5)
  Frederick (Depths:3)
  2 caustic shrikes (Depths:4)
  5 curse toes
  18 golden dragons
  A bone dragon (Depths:5)
  Jorgrun (Orc:1)
  Rupert (Lair:6)
  16 tentacled monstrosities
  5 liches
  8 Orb Guardians (Zot:5)
  3 deep elf blademasters
  A quicksilver dragon (Zot:2)
  2 titans (Depths:4)
  A deep elf master archer (Elf:3)
  32 acid blobs
  3 sphinxes
  10 death cobs
  6 krakens
  17 storm dragons
  4 tengu reavers
  12 shadow dragons
  Kirke (Shoals:4)
  14 azure jellies
  4 draconian monks (Zot:4)
  10 vault wardens
  An iron dragon (Depths:4)
  9 frost giants
  7 fire giants
  3 draconian knights
  8 deep elf sorcerers
  A caustic shrike zombie (Depths:4)
  2 orc warlords (Depths:5)
  5 draconian scorchers
  7 ghost moths
  A cacodemon (Depths:4)
  9 ironheart preservers
  11 emperor scorpions
  8 draconian stormcallers
  11 draconian annihilators
  4 deep elf elementalists
  9 draconian shifters
  18 very ugly things
  20 stone giants
  7 deep elf demonologists
  8 black draconians
  8 vampire knights
  10 green draconians
  4 entropy weavers
  22 red draconians
  16 deep elf annihilators
  12 purple draconians
  14 white draconians
  3 spark wasps
  9 ettins
  2 merfolk javelineers
  11 yellow draconians
  A blizzard demon (IceCv)
  7 statues (Depths:3)
  Snorg (Orc:1)
  5 deep elf death magi
  11 fire dragons
  10 merfolk impalers
  An eleionoma (shapeshifter) (D:15)
  9 death oozes
  4 deep elf high priests (Elf:3)
  2 jiangshi (Depths:2)
  23 great orbs of eyes
  17 yaktaur captains
  7 boulder beetles
  3 rakshasas
  10 spriggan air magi
  6 vault guards (Vaults:3)
  2 catoblepae
  15 hydras
  5 merfolk avatars
  An alligator snapping turtle (Shoals:4)
  9 centaur warriors
  3 merfolk aquamancers
  An anaconda (shapeshifter) (Vaults:3)
  31 dancing weapons
  2 satyrs (Shoals:2)
  4 death knights
  10 deep troll shamans
  A titan zombie (Depths:4)
  8 ice dragons
  14 ogre magi
  6 tengu warriors
  12 deep troll earth magi
  45 two-headed ogres
  6 orc high priests
  3 vampire magi (Depths:2)
  A death yak (Lair:4)
  Sonja (Lair:6)
  4 spriggan berserkers
  20 deep elf knights
  2 sun demons (Depths:4)
  4 soul eaters (Depths:1)
  A hell knight (Depths:5)
  15 skeletal warriors
  8 sea snakes
  6 iron trolls
  4 wizards
  2 unseen horrors
  4 glowing orange brains
  5 flayed ghosts
  4 large abominations (Depths:4)
  15 deep elf archers
  24 deep trolls
  A kraken simulacrum (Shoals:4)
  3 infernal demonspawn (Depths:3)
  6 phantasmal warriors
  21 orc knights
  A golden dragon skeleton (Depths:4)
  20 harpies
  Pikel (D:5)
  16 orb spiders
  2 lindwurms
  3 necromancers
  27 wolf spiders
  4 orc sorcerers
  5 cyclopes
  71 deep elf magi
  20 ironbrand convokers
  11 fauns (Shoals:2)
  57 ugly things
  11 shining eyes
  An orb spider (shapeshifter) (Vaults:1)
  26 moths of wrath
  A shining eye (shapeshifter) (Elf:3)
  6 elephants (Lair:2)
  10 manticores
  A salamander (shapeshifter) (Depths:3)
  9 merfolk sirens
  2 rust devils (Depths:4)
  11 black mambas
  2 ice statues (IceCv)
  11 water nymphs
  2 molten gargoyles (Lair:6)
  14 vault sentinels
  3 eyes of devastation
  2 kobold demonologists
  4 torpor snails
  Maggie (D:6)
  21 cane toads
  A cane toad (shapeshifter) (Vaults:3)
  4 centaur skeletons
  A gargoyle (D:13)
  13 komodo dragons
  An elf skeleton (Depths:4)
  11 demonic crawlers
  12 freezing wraiths
  2 rime drakes (shapeshifter)
  41 yaktaurs
  2 efreet
  2 rime drakes
  8 small abominations
  7 hellwings (Depths:1)
  3 tengu conjurers
  3 harpy zombies (Shoals:1)
  5 red devils
  A tormentor (Depths:3)
  13 ice devils (IceCv)
  12 trolls
  3 polar bears
  50 jumping spiders
  A wind drake (shapeshifter) (Elf:3)
  5 wind drakes
  26 merfolk
  3 meliai (D:15)
  9 snapping turtles
  4 hornets
  157 slime creatures
  15 blink frogs
  A meliai zombie (D:14)
  A tengu simulacrum (Depths:4)
  16 dream sheep
  97 redbacks
  A tarantella (shapeshifter) (Elf:1)
  Sigmund (D:2)
  A shadow (D:13)
  27 tarantellas
  2 spriggans
  2 air elementals
  74 yaks
  10 basilisks
  14 water elementals
  3 elf zombies (Depths:4)
  2 hogs (Shoals:4)
  4 wraiths
  7 wyverns
  A neqoxec (Depths:3)
  2 chaos spawn (Depths:4)
  Grum (D:5)
  4 steam dragons
  12 golden eyes
  2 golden eyes (shapeshifter)
  A hog (shapeshifter) (Vaults:4)
  8 wargs
  2 soldier ants
  A soldier ant (shapeshifter) (D:15)
  2 acid dragons
  6 hell hounds
  A hydra simulacrum (Zot:1)
  14 water moccasins
  3 black bears (D:9)
  A manticore zombie (Shoals:1)
  43 orc warriors
  3 sky beasts
  3 ice beasts
  3 boggarts
  52 ogres
  A necrophage (D:11)
  5 eyes of draining
  5 wolves
  An eye of draining (shapeshifter) (Depths:2)
  3 phantoms
  28 centaurs
  A lemure (D:5)
  3 big kobolds
  5 earth elementals
  8 gnoll sergeants
  27 bullfrogs
  A wyvern skeleton (D:15)
  3 scorpions
  7 killer bees
  21 wights
  3 electric eels
  3 howler monkeys
  6 crimson imps
  A bullfrog zombie (D:13)
  4 lava snakes (Lair:6)
  4 centaur zombies
  A quasit (D:7)
  A human simulacrum (Vaults:3)
  41 orc priests
  15 hounds
  3 jellies
  3 gnoll shamans
  38 orc wizards
  4 iguanas
  2 iron imps
  A hell rat (Lair:2)
  Natasha (thrice) (D:2)
  8 worker ants
  4 yak simulacra (Lair:4)
  A polar bear simulacrum (Lair:4)
  6 wolf simulacra (Lair:4)
  A hound zombie (D:8)
  3 hound skeletons
  36 gnolls
  7 adders
  A river rat (D:3)
  4 shadow imps
  11 white imps
  13 ufetubi
  6 oozes
  2 adder skeletons
  5 worms
  2 dart slugs
  8 leopard geckos
  112 orcs
  6 ball pythons
  8 giant cockroaches
  16 goblins
  10 hobgoblins
  28 jackals
  4 quokkas
  17 bats
  6 frilled lizards
  19 kobolds
  2 quokka skeletons (D:5)
  17 rats
  4 fire vortices (Depths:3)
  17 tentacles
2746 creatures vanquished.

Vanquished Creatures (collateral kills)
  A moth of wrath (Zot:4)
  A redback (Spider:4)
2 creatures vanquished.

Vanquished Creatures (others)
  A yaktaur captain (Vaults:1)
  An unseen horror (D:14)
  A wizard (Elf:3)
  A manticore (D:12)
  3 water elementals (Depths:1)
  A hydra simulacrum (Zot:1)
  An ogre (Vaults:2)
  An orc wizard (D:14)
  2 white imps (IceCv)
  An ufetubus (IceCv)
  A quokka (D:6)
  13 fungi
  160 plants
  64 tentacles
251 creatures vanquished.

Grand Total: 2999 creatures vanquished

Notes
Turn   | Place    | Note
-------+----------+-------------------------------------------
     0 | D:1      | Electrofox the Minotaur Fighter began the quest for the
                  | Orb.
     0 | D:1      | Reached XP level 1. HP: 19/19 MP: 0/0
    78 | D:1      | Reached XP level 2. HP: 26/26 MP: 1/1
   221 | D:1      | Reached XP level 3. HP: 31/31 MP: 2/2
   967 | D:2      | Reached skill level 5 in Axes
  1155 | D:2      | Reached XP level 4. HP: 39/39 MP: 3/3
  1178 | D:2      | Noticed Natasha
  1192 | D:2      | Killed Natasha
  1331 | D:2      | Noticed Natasha
  1337 | D:2      | Killed Natasha
  1345 | D:2      | Noticed Natasha
  1439 | D:2      | Killed Natasha
  1440 | D:2      | Reached XP level 5. HP: 40/45 MP: 4/4
  1493 | D:2      | Noticed Sigmund
  2282 | D:3      | Found a glowing drain.
  2310 | Sewer    | Entered a sewer
  2745 | Sewer    | Reached XP level 6. HP: 43/51 MP: 5/5
  3003 | D:2      | Killed Sigmund
  3221 | D:3      | Found a bloodstained altar of Trog.
  3987 | D:4      | Reached XP level 7. HP: 57/57 MP: 6/6
  4275 | D:5      | Entered Level 5 of the Dungeon
  4368 | D:5      | Reached skill level 10 in Axes
  4503 | D:5      | Reached XP level 8. HP: 31/64 MP: 7/7
  5133 | D:5      | Found Ydwe's Antique Armour Shop.
  5143 | D:5      | Reached skill level 5 in Shields
  5972 | D:5      | Noticed Grum
  5988 | D:5      | Killed Grum
  5989 | D:5      | Reached XP level 9. HP: 26/70 MP: 8/8
  6246 | D:6      | Noticed Pikel
  6427 | D:5      | Killed Pikel
  6629 | D:6      | Found a white marble altar of Elyvilon.
  6707 | D:6      | Noticed Maggie
  6735 | D:6      | Killed Maggie
  7031 | D:6      | Reached skill level 10 in Shields
  7073 | D:6      | Found a staircase to the Ecumenical Temple.
  7082 | Temple   | Entered the Ecumenical Temple
  7089 | Temple   | Became a worshipper of Warmaster Okawaru
  7445 | D:6      | Found an opulent altar of Gozag.
  8269 | D:7      | Reached XP level 10. HP: 77/77 MP: 9/9
  8385 | D:7      | Reached * piety under Okawaru
  8566 | D:7      | Found a glowing silver altar of Zin.
  8840 | D:7      | Found a shadowy altar of Dithmenos.
  9513 | D:8      | Noticed a two-headed ogre
  9587 | D:8      | Killed a two-headed ogre
  9918 | D:8      | Found a sparkling altar of Nemelex Xobeh.
 10134 | D:9      | Reached ** piety under Okawaru
 10437 | D:9      | Reached *** piety under Okawaru
 10609 | D:9      | Found an iron altar of Okawaru.
 10633 | D:9      | Noticed a two-headed ogre
 11022 | D:9      | Found a staircase to the Lair.
 11220 | D:10     | Entered Level 10 of the Dungeon
 11323 | D:10     | Reached XP level 11. HP: 82/82 MP: 10/10
 11407 | D:10     | Reached skill level 1 in Maces & Flails
 11669 | D:10     | Reached **** piety under Okawaru
 12146 | D:10     | Found a staircase to the Orcish Mines.
 12278 | D:10     | Reached skill level 5 in Maces & Flails
 12628 | D:11     | Reached ***** piety under Okawaru
 12806 | D:11     | Noticed a two-headed ogre
 12819 | D:11     | Killed a two-headed ogre
 13632 | D:11     | Identified 3 scrolls of acquirement
 13632 | D:11     | Acquired 277 gold pieces
 13636 | D:11     | Acquired a +2 crystal plate armour
 13649 | D:11     | Acquired an uncursed ring of resist corrosion
 13696 | D:12     | Noticed a boulder beetle
 13707 | D:12     | Killed a boulder beetle
 14155 | D:12     | Noticed a brown ugly thing
 14165 | D:12     | Killed a brown ugly thing
 14286 | D:12     | Reached XP level 12. HP: 81/90 MP: 11/11
 14341 | D:12     | Noticed a two-headed ogre
 14354 | D:12     | Killed a two-headed ogre
 14354 | D:12     | Received a gift from Okawaru
 14355 | D:12     | Reached skill level 10 in Maces & Flails
 14545 | D:12     | Reached skill level 15 in Shields
 14618 | D:12     | Reached ****** piety under Okawaru
 14875 | D:12     | Found Ricre's General Store.
 15385 | D:13     | Noticed a two-headed ogre
 15401 | D:13     | Killed a two-headed ogre
 15694 | D:13     | Reached skill level 1 in Invocations
 15839 | D:13     | Noticed a centaur warrior
 15857 | D:13     | Killed a centaur warrior
 15979 | D:13     | Noticed a centaur warrior
 15988 | D:13     | Killed a centaur warrior
 16120 | D:13     | Acquired a +0 hat of willpower
 16177 | D:13     | Noticed a five-headed hydra
 16186 | D:13     | Killed a five-headed hydra
 16299 | D:13     | Noticed a catoblepas
 16602 | D:9      | Found an ornate altar of the Wu Jian Council.
 16602 | D:9      | Found a broken altar of Ashenzari.
 16631 | Lair:1   | Entered Level 1 of the Lair of Beasts
 16917 | Lair:1   | Received a gift from Okawaru
 17131 | Lair:1   | Reached skill level 5 in Fighting
 17131 | Lair:1   | Reached skill level 5 in Armour
 17507 | Lair:1   | Reached XP level 13. HP: 100/100 MP: 15/15
 17511 | Lair:1   | Reached skill level 5 in Invocations
 19156 | Lair:2   | Received a gift from Okawaru
 19653 | Lair:3   | Received a gift from Okawaru
 19654 | Lair:3   | Reached skill level 1 in Slings
 19706 | Lair:3   | Reached XP level 14. HP: 107/116 MP: 19/19
 20094 | Lair:3   | Reached skill level 5 in Slings
 20468 | Lair:3   | Found a hole to the Spider Nest.
 20484 | Lair:3   | Found a staircase to the Shoals.
 20989 | Lair:4   | Got an encrusted hunting sling
 20990 | Lair:4   | Identified the +5 hunting sling of Uncertain Death {venom,
                  | rC+} (You found it on level 4 of the Lair of Beasts)
 21035 | Lair:4   | Found a transporter.
 21036 | Lair:4   | Found a transporter.
 21085 | Lair:4   | Noticed Tunlugh's ghost (adept GrEE)
 21835 | Lair:5   | Received a gift from Okawaru
 22115 | Lair:5   | Found a viscous altar of Jiyva.
 22115 | Lair:5   | Found a staircase to the Slime Pits.
 22615 | Lair:6   | Entered Level 6 of the Lair of Beasts
 22652 | Lair:6   | Noticed Rupert
 22671 | Lair:6   | Killed Rupert
 22671 | Lair:6   | Received a gift from Okawaru
 22672 | Lair:6   | Reached skill level 10 in Slings
 22796 | Lair:6   | Acquired a +1 cloak of preservation
 23218 | Lair:6   | Received a gift from Okawaru
 23281 | Lair:6   | Noticed Sonja
 23300 | Lair:6   | Killed Sonja
 23868 | Spider:1 | Entered Level 1 of the Spider Nest
 23885 | Spider:1 | Received a gift from Okawaru
 24149 | Shoals:1 | Entered Level 1 of the Shoals
 24734 | Shoals:1 | Reached XP level 15. HP: 126/126 MP: 20/20
 24790 | Shoals:1 | Reached skill level 10 in Fighting
 24790 | Shoals:1 | Reached skill level 10 in Armour
 24840 | Shoals:1 | Received a gift from Okawaru
 24859 | Shoals:1 | Got a heavily runed lapis lazuli ring
 24862 | Shoals:1 | Identified the ring "Efrooq" {*Corrode *Slow rN+ Str+6
                  | Dex+8} (You found it on level 1 of the Shoals)
 25099 | Shoals:1 | Noticed a kraken
 25138 | Shoals:1 | Killed a kraken
 25138 | Shoals:1 | Received a gift from Okawaru
 26869 | Shoals:2 | Got a warped arbalest
 26872 | Shoals:2 | Identified the +10 arbalest of Blood-Lust {elec, rN+} (You
                  | found it on level 2 of the Shoals)
 27062 | Shoals:2 | Noticed a kraken
 27219 | Shoals:2 | Killed a kraken
 27360 | Shoals:2 | Received a gift from Okawaru
 27545 | Shoals:2 | Found Unenomoi's Distillery.
 27594 | Shoals:2 | Bought a potion of heal wounds for 80 gold pieces
 27594 | Shoals:2 | Bought a potion of heal wounds for 80 gold pieces
 27844 | Shoals:3 | Noticed a kraken
 27844 | Shoals:3 | Noticed a kraken
 27844 | Shoals:3 | Noticed a kraken
 27844 | Shoals:3 | Noticed a kraken
 28092 | Shoals:3 | Received a gift from Okawaru
 28606 | Shoals:3 | Reached skill level 1 in Evocations
 28712 | Shoals:3 | Killed a kraken
 28900 | Shoals:3 | Killed a kraken
 29100 | Shoals:3 | Killed a kraken
 29101 | Shoals:3 | Reached XP level 16. HP: 108/141 MP: 21/21
 29450 | Shoals:3 | Killed a kraken
 29870 | Shoals:4 | Entered Level 4 of the Shoals
 29996 | Shoals:4 | Got a translucent tin ring
 30012 | Shoals:4 | Identified the ring "Olaf" {rC++ Will+} (You found it on
                  | level 4 of the Shoals)
 30847 | Shoals:4 | Received a gift from Okawaru
 30848 | Shoals:4 | Got an iridescent demon whip {god gift}
 30863 | Shoals:4 | Identified the +6 demon whip "Loreiru" {freeze, +Rage MP+9
                  | Stlth+} (Okawaru gifted it to you on level 4 of the Shoals)
 31102 | Shoals:4 | Got a barnacled rune of Zot
 31229 | Shoals:4 | Noticed Kirke
 31247 | Shoals:4 | Killed Kirke
 31542 | Shoals:4 | Acquired 1203 gold pieces
 31657 | Shoals:4 | Received a gift from Okawaru
 32093 | D:5      | Bought a jewelled plate armour for 700 gold pieces
 32094 | D:5      | Identified the +9 plate armour of the Hot Ocelot {-Cast rF+
                  | rCorr Dex+5} (You bought it in a shop on level 5 of the
                  | Dungeon)
 32653 | Orc:1    | Entered Level 1 of the Orcish Mines
 32654 | Orc:1    | Noticed Jorgrun
 33417 | D:14     | Found Laetwais's Magic Scroll Shoppe.
 33477 | D:14     | Received a gift from Okawaru
 33739 | D:14     | Found a gate to the Vaults.
 33832 | D:14     | Found a glowing silver altar of Zin.
 33852 | D:14     | Found a stormy altar of Qazlal.
 34101 | D:14     | Found Qonnes's Assorted Antiques.
 34282 | D:15     | Entered Level 15 of the Dungeon
 34415 | D:15     | Reached XP level 17. HP: 119/154 MP: 18/23
 34728 | D:15     | Reached skill level 15 in Armour
 34765 | D:15     | Reached skill level 15 in Fighting
 34780 | D:15     | Reached skill level 5 in Evocations
 35146 | D:15     | Found a staircase to the Depths.
 36139 | Lair:6   | Found a large runed translucent door.
 36246 | Lair:6   | Received a gift from Okawaru
 36247 | Lair:6   | Reached skill level 10 in Invocations
 36277 | Lair:6   | Found a large runed translucent door.
 36930 | Orc:1    | Killed Jorgrun
 37248 | Orc:2    | Entered Level 2 of the Orcish Mines
 37306 | Orc:2    | Received a gift from Okawaru
 37724 | Orc:2    | Found Nuhil's Antique Weapon Shop.
 37724 | Orc:2    | Found Bubamo's Magic Scroll Boutique.
 37746 | Orc:2    | Found Cesaoget's Gadget Shop.
 37746 | Orc:2    | Found Cecaogg's General Store.
 37765 | Orc:2    | Bought a scroll of silence for 105 gold pieces
 37786 | Orc:2    | Found a staircase to the Elven Halls.
 38195 | Orc:1    | Noticed Snorg
 38209 | Orc:1    | Killed Snorg
 38366 | Orc:1    | Found Obaefuat's Gadget Boutique.
 38401 | Orc:1    | You fall into a shaft and drop 1 floor!
 38548 | Elf:1    | Entered Level 1 of the Elven Halls
 38565 | Elf:1    | Received a gift from Okawaru
 39735 | Elf:1    | Identified the Reference Book on Creation
 39745 | Elf:1    | Found Vuuf's Gadget Shoppe.
 40132 | Elf:2    | Found a runed translucent gate.
 40132 | Elf:2    | Found a runed translucent gate.
 40132 | Elf:2    | Found a runed translucent gate.
 40161 | Elf:2    | Received a gift from Okawaru
 40244 | Elf:2    | Found Eptoy's Antique Weapon Emporium.
 40517 | Elf:2    | Found a runed translucent door.
 40815 | Elf:2    | Reached XP level 18. HP: 158/159 MP: 25/25
 41452 | Elf:3    | Entered Level 3 of the Elven Halls
 41653 | Elf:3    | Received a gift from Okawaru
 41682 | Elf:3    | HP: 6/170 [deep elf mage/bolt of lightning (39)]
 42463 | Elf:3    | Gained mutation: You are frail. (-10% HP) [a shining eye]
 42542 | Elf:3    | Identified the ring "Kywnannucse" {rF+ rN+ Str+4}
 42565 | Elf:3    | Received a gift from Okawaru
 42768 | Elf:3    | Received a gift from Okawaru
 43237 | Elf:3    | Received a gift from Okawaru
 43238 | Elf:3    | Found the +10 morningstar "Eos" {elec, Halo rElec}
 43287 | Elf:3    | Identified the +2 scythe "Ceit" {flame, +Blink}
 43287 | Elf:3    | Identified the ring "Jeniklyrr" {rF+ rN++}
 43298 | Elf:3    | Noticed a Hell Sentinel
 43300 | Elf:3    | Noticed an Ice Fiend
 43303 | Elf:3    | Noticed a Brimstone Fiend
 43913 | Elf:3    | Identified the +2 chain mail of the Dwarven Hall {rElec rF-
                  | Dex+4}
 44029 | Elf:3    | Identified the +5 short sword "Poenits" {vorpal, +Blink
                  | rElec}
 44083 | Elf:3    | Identified the +7 long sword of Conversion {vorpal, Str+4}
 44101 | Elf:3    | Received a gift from Okawaru
 44193 | Elf:3    | Identified the Volume of the Earthen Traveller
 44315 | Elf:3    | Identified the ring "Foreig" {rF+ rN+ Str+3 Int+4 Dex-3}
 44732 | Elf:3    | Reached XP level 19. HP: 124/161 MP: 27/27
 45527 | Spider:1 | Received a gift from Okawaru
 46054 | Spider:2 | Received a gift from Okawaru
 46110 | Spider:2 | Identified the cursed +0 pair of boots "Yparoata" {rN+
                  | Str+2} (You found it on level 2 of the Spider Nest)
 46243 | Spider:2 | Acquired 603 gold pieces
 46369 | Spider:2 | Received a gift from Okawaru
 46904 | Spider:3 | Received a gift from Okawaru
 47522 | Spider:4 | Entered Level 4 of the Spider Nest
 47772 | Spider:4 | Found a frozen archway.
 47777 | IceCv    | Entered an ice cave
 48023 | IceCv    | Identified the Collected Works on the Aerial Voyage
 48743 | Spider:4 | Received a gift from Okawaru
 48837 | Spider:4 | Reached XP level 20. HP: 141/173 MP: 13/28
 48863 | Spider:4 | Got a gossamer rune of Zot
 50033 | Vaults:1 | Entered Level 1 of the Vaults
 51322 | Vaults:1 | Received a gift from Okawaru
 51439 | Vaults:1 | Received a gift from Okawaru
 51455 | Vaults:1 | Received a gift from Okawaru
 51857 | Vaults:1 | Upgraded the game from 0.26.1-10-gdfb7c7de75 to
                  | 0.26.1-11-gd32895ea62
 51896 | Vaults:2 | Found a staircase to the Crypt.
 52398 | Vaults:2 | Found Coaxiy's Weapon Emporium.
 52593 | Vaults:2 | Received a gift from Okawaru
 54301 | Vaults:2 | Reached XP level 21. HP: 180/184 MP: 29/29
 54320 | Vaults:2 | Reached skill level 1 in Throwing
 54674 | Vaults:3 | Received a gift from Okawaru
 54732 | Vaults:3 | Received a gift from Okawaru
 55150 | Vaults:3 | Received a gift from Okawaru
 55161 | Vaults:3 | Got an encrusted war axe {god gift}
 55253 | Vaults:3 | Identified the +10 war axe of Bloodstone {drain, *Noise
                  | MP+9 Str+8} (Okawaru gifted it to you on level 3 of the
                  | Vaults)
 55494 | Vaults:3 | Reached skill level 5 in Throwing
 56311 | Vaults:3 | Received a gift from Okawaru
 58327 | Vaults:4 | Reached skill level 10 in Evocations
 58380 | Vaults:4 | Found Zimuow's Magic Scroll Shoppe.
 58695 | Vaults:4 | Reached XP level 22. HP: 193/193 MP: 30/30
 58761 | Vaults:4 | Received a gift from Okawaru
 59254 | Vaults:4 | Identified the ring of Efu Depat {*Slow rElec rCorr Str+5
                  | Int+4 Dex+3}
 59708 | Vaults:4 | Found a transporter.
 59723 | Vaults:4 | Found a transporter.
 60806 | Slime:1  | Entered Level 1 of the Pits of Slime
 61721 | Slime:2  | Gained mutation: You are very frail. (-20% HP) [a shining
                  | eye]
 63128 | Slime:2  | Received a gift from Okawaru
 63134 | Slime:2  | Got a distressingly furry crystal plate armour {god gift}
 63135 | Slime:2  | Identified the +10 crystal plate armour of Okawaru's Hatred
                  | {*Slow rN+++ Slay-3 Stlth+} (Okawaru gifted it to you on
                  | level 2 of the Pits of Slime)
 63240 | Slime:2  | Reached skill level 10 in Throwing
 64581 | Slime:3  | Gained mutation: Armour fits poorly on your strangely
                  | shaped body. [a shining eye]
 65638 | Vaults:4 | Lost mutation: Armour fits poorly on your strangely shaped
                  | body. [potion of mutation]
 65638 | Vaults:4 | Lost mutation: You are very frail. (-20% HP) [potion of
                  | mutation]
 65638 | Vaults:4 | Gained mutation: Armour fits poorly on your strangely
                  | shaped body. [potion of mutation]
 65638 | Vaults:4 | Gained mutation: You have sharp toenails. [potion of
                  | mutation]
 65638 | Vaults:4 | Gained mutation: You are agile. (Dex +2) [potion of
                  | mutation]
 65639 | Vaults:4 | Lost mutation: You are frail. (-10% HP) [potion of
                  | mutation]
 65639 | Vaults:4 | Lost mutation: You are agile. (Dex +2) [potion of mutation]
 65639 | Vaults:4 | Lost mutation: You have sharp toenails. [potion of
                  | mutation]
 65639 | Vaults:4 | Gained mutation: Your flesh is heat resistant. (rF+)
                  | [potion of mutation]
 65639 | Vaults:4 | Gained mutation: Your spells are a little harder to cast,
                  | but a little more powerful. [potion of mutation]
 65639 | Vaults:4 | Gained mutation: You are somewhat resistant to further
                  | mutation. [potion of mutation]
 65640 | Vaults:4 | Lost mutation: Armour fits poorly on your strangely shaped
                  | body. [potion of mutation]
 65640 | Vaults:4 | Lost mutation: Your flesh is heat resistant. (rF+) [potion
                  | of mutation]
 65640 | Vaults:4 | Gained mutation: You are partially covered in icy blue
                  | scales. (AC +2) [potion of mutation]
 68790 | Slime:5  | Entered Level 5 of the Pits of Slime
 68926 | Slime:5  | Received a gift from Okawaru
 68949 | Slime:5  | Got a heavily runed kite shield {god gift}
 68950 | Slime:5  | Identified the +1 kite shield of Neikhlag {*Slow Dex+6}
                  | (Okawaru gifted it to you on level 5 of the Pits of Slime)
 68989 | Slime:4  | Gained mutation: Armour fits poorly on your strangely
                  | shaped body. [a shining eye]
 68991 | Slime:4  | Gained mutation: Your body sometimes deteriorates upon
                  | taking damage. [a shining eye]
 68999 | Slime:4  | Lost mutation: Armour fits poorly on your strangely shaped
                  | body. [potion of mutation]
 68999 | Slime:4  | Lost mutation: Your body sometimes deteriorates upon taking
                  | damage. [potion of mutation]
 69062 | Slime:5  | Reached XP level 23. HP: 211/225 MP: 31/31
 69405 | Slime:5  | Noticed the Royal Jelly
 69431 | Slime:5  | Killed the Royal Jelly
 70165 | Slime:5  | Found the +12 Vampire's Tooth {vamp}
 70179 | Slime:5  | Got a twitching golden amulet
 70199 | Slime:5  | Got a pitted ruby amulet
 70231 | Slime:5  | Got a slimy rune of Zot
 70253 | Slime:5  | Identified the Disquisition on Translocation and Air
 70296 | Slime:5  | Identified the amulet "Tifidowi" {Acrobat rElec rF+ Dex+3}
                  | (You found it on level 5 of the Pits of Slime)
 70297 | Slime:5  | Identified the amulet of Zawoet {Acrobat MP+9 Slay+3} (You
                  | found it on level 5 of the Pits of Slime)
 70311 | Slime:5  | Got an ancient bronze ring
 70312 | Slime:5  | Identified the ring of Undoing {rPois rC++} (You found it
                  | on level 5 of the Pits of Slime)
 70320 | Slime:5  | Got a pair of encrusted gloves
 70321 | Slime:5  | Identified the +5 pair of gloves "Pelapt" {Int+7} (You
                  | found it on level 5 of the Pits of Slime)
 70926 | Depths:1 | Entered Level 1 of the Depths
 71472 | Depths:1 | Received a gift from Okawaru
 71518 | Depths:1 | Found Baforph's Jewellery Boutique.
 71521 | Depths:1 | Found Caewamiz's Gadget Shoppe.
 71522 | Depths:1 | Found Qeud Ted's Jewellery Boutique.
 72224 | Depths:1 | Found a gateway to Hell.
 72256 | Depths:1 | Got a fading demon whip
 72301 | Depths:1 | Identified the +5 demon whip "Ureibof" {drain, +Rage Str-5
                  | Dex+3} (You found it on level 1 of the Depths)
 72574 | Depths:2 | Got an ancient copper ring
 72768 | D:14     | Bought a scroll of identify for 28 gold pieces
 72768 | D:14     | Identified the ring of Mat Wedd {rElec rC+ AC+4} (You found
                  | it on level 2 of the Depths)
 73448 | Depths:2 | Received a gift from Okawaru
 73855 | Depths:2 | Received a gift from Okawaru
 74601 | Depths:2 | Reached XP level 24. HP: 196/236 MP: 31/31
 74673 | Depths:2 | Received a gift from Okawaru
 75078 | Depths:2 | Got a vibrating platinum ring
 75156 | Depths:2 | You fall into a shaft and drop 2 floors!
 75489 | Depths:2 | Identified the ring "Fiysaeg" {rF+ Will+ Str-4 Int+8} (You
                  | found it on level 2 of the Depths)
 76623 | Depths:3 | Found a one-way gate leading to the halls of Pandemonium.
 77298 | Depths:3 | Identified the Handbook of the Nocuous Traveller
 77303 | Depths:3 | Found a radiant altar of Vehumet.
 77303 | Depths:3 | Noticed Frederick
 77325 | Depths:3 | Killed Frederick
 77546 | Depths:3 | Identified Xoipsi's Lost Almanac of Boris
 77799 | Depths:3 | Received a gift from Okawaru
 78621 | Depths:4 | Received a gift from Okawaru
 78626 | Depths:4 | Got an opalescent robe {god gift}
 79103 | Depths:4 | Reached XP level 25. HP: 194/247 MP: 32/32
 80065 | Depths:4 | Found a one-way gate to the infinite horrors of the Abyss.
 80308 | Depths:5 | Entered Level 5 of the Depths
 80317 | Depths:5 | Received a gift from Okawaru
 80582 | Depths:5 | Found a gateway to a ziggurat.
 80632 | Depths:5 | Noticed Boris
 80639 | Depths:5 | Killed Boris
 80639 | Depths:5 | Received a gift from Okawaru
 80642 | Depths:5 | Got a transparent plate armour {god gift}
 80643 | Depths:5 | Identified the +0 plate armour "Irouriw" {Will+ Str+2}
                  | (Okawaru gifted it to you on level 5 of the Depths)
 80945 | Depths:5 | Found a gate to the Realm of Zot.
 81141 | Depths:5 | Noticed Sojobo
 81163 | Depths:5 | Killed Sojobo
 81164 | Depths:5 | Reached skill level 15 in Invocations
 81946 | Zot:1    | Entered Level 1 of the Realm of Zot
 81946 | Zot:1    | Noticed an orb of fire
 81953 | Zot:1    | Noticed an orb of fire
 81955 | Zot:1    | Noticed a shard shrike
 81973 | Zot:1    | Killed an orb of fire
 81974 | Zot:1    | Reached skill level 15 in Evocations
 81986 | Depths:5 | Killed an orb of fire
 81986 | Depths:5 | Received a gift from Okawaru
 82241 | Zot:1    | Killed a shard shrike
 82241 | Zot:1    | Received a gift from Okawaru
 82300 | Depths:5 | Reached XP level 26. HP: 73/259 MP: 33/33
 84861 | Zot:2    | Received a gift from Okawaru
 85724 | Zot:2    | Received a gift from Okawaru
 85985 | Zot:2    | Received a gift from Okawaru
 86670 | Zot:3    | Received a gift from Okawaru
 87425 | Zot:3    | Found a transporter.
 87658 | Zot:3    | Received a gift from Okawaru
 87697 | Zot:3    | Identified the +1 great mace "Ivvizoshumm" {spect, rPois
                  | Int+8 Dex-5} (Okawaru gifted it to you on level 3 of the
                  | Realm of Zot)
 88351 | Zot:3    | Found a transporter.
 88355 | Zot:3    | Found the +0 mask of the Dragon {Will+ Slay+3 SInv}
 88429 | Zot:3    | Reached XP level 27. HP: 160/271 MP: 1/33
 88497 | Zot:3    | Received a gift from Okawaru
 89482 | Zot:4    | Reached skill level 27 in Armour
 89494 | Zot:4    | Received a gift from Okawaru
 89495 | Zot:4    | Reached skill level 27 in Fighting
 90214 | Zot:4    | Reached skill level 1 in Dodging
 90402 | Zot:4    | Reached skill level 5 in Dodging
 90415 | Zot:4    | Received a gift from Okawaru
 91268 | Zot:5    | Entered Level 5 of the Realm of Zot
 91933 | Zot:5    | Noticed an ancient lich
 91933 | Zot:5    | Noticed an orb of fire
 91933 | Zot:5    | Noticed an orb of fire
 91935 | Zot:5    | Paralysed by a Zot trap for 3 turns
 91941 | Zot:5    | Gained mutation: Your magical capacity is low. (-10% MP)
                  | [an orb of fire]
 91942 | Zot:5    | Reached skill level 10 in Dodging
 91942 | Zot:5    | Killed an ancient lich
 91942 | Zot:5    | Received a gift from Okawaru
 91943 | Zot:5    | Killed from afar by a Killer Klown

Illustrated notes

Levels and vault maps discovered:
D:1:      wander_arrival_estate, layout_basic, hangedman_decor_opposing
D:2:      layout_rooms, uniq_sigmund, uniq_natasha
D:3:      cheibrodos_old_hovel, layout_loops_ring,
          nicolae_overflow_hidden_temple, portal_sewer_entry_b,
          corexii_corridor_pit
D:4:      layout_gridville, nicolae_underground_beach
D:5:      layout_cave_pools, serial_gnoll_camp, gnoll_camp_huts_moat,
          gnoll_camp_mini_shop, gnoll_camp_mini_doghouse, grums_kennel,
          gnoll_camp_medium_01
D:6:      layout_cave_pods, grunt_gozag_breadcrumbs, elyvilon_altar_4,
          minmay_temple_entry_grid, kennysheep_generic_room_11, uniq_pikel,
          uniq_maggie
D:7:      layout_basic, general_overflow_altar, st_stairs_7,
          nicolae_dithmenos_through_a_glass_darkly
D:8:      layout_cave_pools, basic_altar, hangedman_decor_growths
D:9:      layout_cave_pools, gammafunk_temple_overflow_wave, david_lair_generic,
          basic_altar
D:10:     layout_irregular_city, kennysheep_orc_monster_closet_entryway,
          minmay_door_square, grunt_ministairs_8, lemuel_flame_loot_1
D:11:     layout_loops_ring, minmay_misc_feat_four_crosses
D:12:     layout_basic, serial_shops, shop
D:13:     layout_gridville
D:14:     layout_roguey, hangedman_vaults_entry_quadrant_bands, serial_shops,
          shop, nicolae_shop_statue_plus, zin_angel, grunt_qazlal_clouds
D:15:     hangedman_depths_entry_civil_slaughter, layout_cave_pools, hex_tiny
Temple:   nicolae_temple_no_exploring_needed
Lair:1:   layout_gridlike
Lair:2:   nzn_winding_woodlands_large [nzn_winding_woodlands_5x5_three,
          nzn_winding_woodlands_5x15_concentric,
          nzn_winding_woodlands_5x5_default,
          nzn_winding_woodlands_center_garden,
          nzn_winding_woodlands_15x15_thick_spiral,
          nzn_winding_woodlands_center_pierced_h,
          nzn_winding_woodlands_5x5_cross, nzn_winding_woodlands_5x15_pool,
          nzn_winding_woodlands_5x5_checkerboard], layout_small_grid,
          infiniplex_staircase_pool, serial_bayou_shore_b
Lair:3:   layout_cave_pods, shoals_dummy_entry,
          nicolae_spider_entry_tight_spaces, serial_bayou_shore_a,
          grunt_megastairs_1
Lair:4:   layout_regular_city, nzn_ghost_randoct,
          chequers_serial_rivers_micro_c, eino_house_with_fridge,
          grunt_megastairs_4, minmay_lair_oklob_chamber
Lair:5:   layout_roguey, slime_altar_1, chequers_serial_rivers_micro_b
Lair:6:   cheibrodos_lair_end_hotspot, layout_cave_shapes, st_stairs_9,
          uniq_sonja, uniq_rupert
Shoals:1: layout_shoals, nicolae_shoals_undead_eyrie
Shoals:2: layout_shoals, serial_shops, shop
Shoals:3: layout_shoals, nicolae_shoals_kraken_party
Shoals:4: shoals_end_grunt_ice, layout_shoals, uniq_kirke
Spider:1: layout_spider_delve
Spider:2: layout_spider_delve, drop_trap
Spider:3: layout_spider_delve
Spider:4: grunt_spider_rune_circles, portal_ice_cave_entry_pillars_four
Slime:1:  layout_caves
Slime:2:  layout_caves, cheibrodos_slime_lost_civilization_5
Slime:3:  layout_caves, nicolae_slime_round_cave
Slime:4:  layout_caves, nicolae_slime_welcoming_committee
Slime:5
Orc:1:    layout_caves, serial_shops, shop, uniq_jorgrun, uniq_snorg
Orc:2:    st_orc_mages, layout_diamond_mine
Elf:1:    elf_arrival_001, layout_geoelf_octagon, serial_shops,
          nicolae_shop_waterfront, minmay_elf_demonology
Elf:2:    layout_loops_ring, serial_shops, shop, minivault_13
Elf:3:    minmay_elf_hall_curves, layout_loops_cross, minmay_crystal_room,
          hangedman_elf_disciples
Vaults:1: hangedman_vaults_corner, vaults_room_ringed_pool, v_pattern_2,
          ontoclasm_vaults_ring_square, ontoclasm_vaults_eye,
          nicolae_vaults_twisting_passages, v_alt_pattern_2,
          hangedman_vaults_nodes, ontoclasm_vaults_decontamination,
          nicolae_vaults_little_squares_2, vaults_room_door_ring,
          vaults_room_large_hall, ontoclasm_vaults_ring_large,
          ontoclasm_vaults_fault, layout_vaults_omnibox
Vaults:2: v_rooms_6, nicolae_vaults_diagonal_hallway_6,
          minmay_crypt_entry_simple_statues, ontoclasm_vaults_loading_screen,
          v_misc_10, nicolae_vaults_rhombus_5, v_rooms_2, vaults_room_door_ring,
          hangedman_vaults_unwind, hangedman_vaults_hat, grunt_vaults_twisty,
          layout_vaults_maze_bifur, serial_shops, shop
Vaults:3: nicolae_vaults_network_quinsquares
          [nicolae_vaults_network_quincunx_subvault,
          nicolae_vaults_network_quincunx_subvault,
          nicolae_vaults_network_quincunx_subvault,
          nicolae_vaults_network_quincunx_subvault], v_rooms_4,
          nicolae_vaults_murderbox, hangedman_vaults_snaps, v_misc_27,
          ontoclasm_vaults_shuriken, v_rooms_6, ontoclasm_vaults_twist,
          ontoclasm_vaults_pinch, nicolae_vaults_yaktaur_gun_rack,
          ontoclasm_vaults_loading_screen, ontoclasm_vaults_idyll,
          layout_vaults_ring
Vaults:4: v_pattern_5, v_misc_24, gammafunk_the_bubble
          [the_bubble_gammafunk_grid], dpeg_vaults_monster_row,
          vaults_dpeg_doors, layout_vaults_chaotic_city, serial_shops, shop,
          uniq_margery
Depths:1: layout_cave_shapes, minmay_misc_feat_five, hellmouth_2,
          grunt_decor_mini_mirrors, lemuel_freeze_loot_1, minmay_shop_grove
Depths:2: minmay_tearing_corner, layout_basic, grunt_hell_entry_dis_old,
          hangedman_decor_peaks_small, infiniplex_staircase_river
Depths:3: evilmike_halls_of_destruction, layout_cave_shapes,
          minmay_misc_feat_more_columns, pf_dread_powers_of_hell,
          rand_demon_pan_entry_7
Depths:4: hangedman_cross_cluster, layout_long_grid, minmay_room_of_horrors,
          hell_entry, grunt_pan_entry_spiral
Depths:5: grunt_zot_entry_funnels, layout_gridlike, enter_ziggurat_b,
          grunt_decor_resistance, hell_entry, minmay_orc_keep, uniq_boris,
          uniq_sojobo
Zot:1:    layout_cellular_growth, hangedman_elemental_grid_stream
Zot:2:    layout_gridlike, zot_minivault_8
Zot:3:    layout_cathedral_of_symmetry, grunt_ministairs_8,
          lemuel_baited_zot_trap, chequers_guarded_unrand_mask_of_the_dragon
Zot:4:    layout_onion
Zot:5:    layout_misc_corridors

Skill      XL: |  1  2  3  4  5  6  7  8  9 10 11 12 13 14 15 16 17 18 19 20 21 22 23 24 25 26 27 |
---------------+----------------------------------------------------------------------------------+-----
Axes           | 3 4 5 6 7 9 11 12 13 14 | 14.5
Shields        | 7 10 13 14 15 | 15.0
Maces & Flails | 9 13 | 13.5
Armour         | 5 8 9 12 14 16 18 20 21 22 23 24 25 26 27 | 27.0
Fighting       | 5 8 9 12 14 16 18 20 21 22 23 24 25 26 27 | 27.0
Invocations    | 4 8 9 10 12 13 14 15 | 15.0
Slings         | 2 11 12 | 12.0
Evocations     | 1 4 5 8 10 11 12 13 15 16 18 | 18.4
Throwing       | 8 11 14 | 14.7
Dodging        | 10 | 10.8

Action                   |  1- 3 |  4- 6 |  7- 9 | 10-12 | 13-15 | 16-18 | 19-21 | 22-24 | 25-27 || total
-------------------------+-------+-------+-------+-------+-------+-------+-------+-------+-------++-------
Melee: War axe           |   110 |   195 |   309 |   264 |       |       |       |       |       ||   878
       Headbutt          |    10 |    27 |    53 |   155 |   204 |   228 |   470 |   476 |   555 ||  2178
       Morningstar       |       |       |       |   601 |   952 |  1063 |   837 |    89 |   120 ||  3662
       Eveningstar       |       |       |       |       |       |       |   671 |  1076 |   396 ||  2143
       Demon whip        |       |       |       |       |       |       |       |   127 |   853 ||   980
 Fire: Hunting sling     |       |    18 |   132 |   101 |   469 |   927 |   466 |     3 |       ||  2116
       Fustibalus        |       |       |       |       |       |       |       |   775 |   219 ||   994
Throw: Dart              |       |    12 |    11 |    56 |    15 |     5 |     9 |       |       ||   108
       Throwing net      |       |       |     2 |       |     1 |     2 |       |       |       ||     5
       Javelin           |       |       |       |       |     4 |    14 |    53 |    16 |    41 ||   128
Invok: Finesse           |       |       |       |     1 |     6 |    13 |     1 |     9 |    14 ||    44
       Heroism           |       |       |       |     1 |     5 |    14 |     1 |     9 |    10 ||    40
 Abil: Evoke Berserk Rag |       |       |       |       |       |       |       |       |     1 ||     1
Evoke: Wand              |       |       |     4 |     1 |     1 |    10 |     9 |     1 |     4 ||    30
       Tin of tremorston |       |       |       |       |       |       |     1 |     4 |    10 ||    15
       Condenser vane    |       |       |       |       |       |       |       |     2 |     7 ||     9
       Phantom mirror    |       |       |       |       |       |       |       |     1 |     2 ||     3
  Use: Scroll            |       |    10 |     5 |    15 |    15 |     5 |    18 |    18 |     8 ||    94
       Potion            |       |     1 |       |       |       |     5 |     1 |     8 |     8 ||    23
 Stab: Petrified         |       |       |       |       |     2 |       |       |       |       ||     2
       Held in net/web   |       |       |       |       |       |       |     7 |       |       ||     7
       Distracted        |       |       |       |       |       |       |     3 |     1 |       ||     4
Armor: Scale mail        |     9 |       |       |       |       |       |       |       |       ||     9
       Chain mail        |    32 |    91 |   106 |    15 |       |       |       |       |       ||   244
       Plate armour      |       |       |       |   157 |   248 |   359 |   546 |   652 |   675 ||  2637
       Crystal plate arm |       |       |       |   105 |   130 |       |       |       |       ||   235
Dodge: Dodged            |    19 |    26 |    36 |    69 |   132 |   143 |   237 |   331 |   335 ||  1328
Block: Kite shield       |    51 |   146 |   207 |   653 |   821 |   866 |  1182 |   984 |   900 ||  5810
       Reflection        |       |     4 |    19 |    30 |    50 |   104 |    50 |    55 |    17 ||   329
